 Dungeon Sprint DCSS version 0.21-a0-400-g417d9d2 (webtiles) character file.

4036 Amnesiac the Prestidigitator (level 10, 4/63 HPs)
             Began as a Demonspawn Earth Elementalist on Oct 20, 2017.
             Was the Champion of Dithmenos.
             Quit the game in the Dungeon (Sprint V: "Ziggurat Sprint").
             The game lasted 00:11:15 (1069 turns).

Amnesiac the Prestidigitator (DsEE)                 Turns: 1069, Time: 00:11:16

Health: 4/63       AC: 12    Str:  8    XL:     10   Next: 4%
Magic:  17/21      EV: 15    Int: 30    God:    Dithmenos [******]
Gold:   0          SH:  0    Dex: 16    Spells: 9/24 levels left

rFire    . . .     SeeInvis .   T - +5 quick blade
rCold    + . .     Gourm    .   (no shield)
rNeg     . . .     Faith    .   b - +0 steam dragon scales
rPois    +         Spirit   .   (helmet restricted)
rElec    .         Reflect  .   Y - +0 cloak {rPois}
rCorr    .         Harm     .   (no gloves)
MR       .....     NoTele   +   (no boots)
Stlth    ++++++++..             (no amulet)
HPRegen  0.20/turn              B - +6 ring of intelligence
MPRegen  0.17/turn              A - +6 ring of intelligence

@: sanguine armour, wreathed by umbra
A: horns 1, cold resistance 1, icemail, spiny 2, freezing cloud immunity,
sanguine armour 1
a: Shadow Step, Shadow Form, Renounce Religion


You were in the Dungeon.
You worshipped Dithmenos.
Dithmenos was exalted by your worship.
You were not hungry.

You visited 1 branch

Inventory:

Hand Weapons
 F - the +6 Majin-Bo {vamp, Archmagi MP+6 Int+6}
   (You found it in the Dungeon)

   It inflicts no extra harm, but heals its wielder when it wounds a living foe.
   It affects your intelligence (+6).
   It affects your magic capacity (+6).
 T - a +5 quick blade (weapon)
 U - the +4 dagger of Quick Death {freeze, rC+ rN++ MR+ Str+2 Int-3}
   (You found it in the Dungeon)

   It has been specially enchanted to freeze those struck by it, causing extra
   injury to most foes and up to half again as much damage against particularly
   susceptible opponents.
   It can also slow down cold-blooded creatures.
   It affects your strength (+2).
   It affects your intelligence (-3).
   It protects you from cold.
   It greatly protects you from negative energy.
   It affects your resistance to hostile enchantments.
Missiles
 X - a curare-tipped needle
Armour
 b - +0 steam dragon scales (worn)
 I - a +3 buckler
 J - the +18 shield of the Gong {rElec rN+ MR+ EV-5}
   (You found it in the Dungeon)

   It affects your evasion (-5).
   It insulates you from electricity.
   It protects you from negative energy.
   It affects your resistance to hostile enchantments.
 O - a +3 shield
 Q - a +3 large shield
 R - +5 shadow dragon scales
 V - the +3 leather armour of the Sky {rPois rF- rC+++ MR+}
   (You found it in the Dungeon)

   It makes you vulnerable to fire.
   It renders you almost immune to cold.
   It protects you from poison.
   It affects your resistance to hostile enchantments.
 Y - a +0 cloak of poison resistance (worn)
Magical Staves
 c - an uncursed staff of wizardry
 n - an uncursed staff of conjuration
 G - an uncursed staff of energy
 S - an uncursed staff of earth
Jewellery
 y - a +6 ring of dexterity
 z - a +6 ring of dexterity
 A - a +6 ring of intelligence (right hand)
 B - a +6 ring of intelligence (left hand)
 C - a +6 ring of strength
 D - a +6 ring of strength
 E - an uncursed ring of flight
Wands
 K - a wand of disintegration (7/24)
 L - a wand of iceblast (5/15)
 M - a wand of lightning (5/15)
 N - a wand of acid (5/15)
Scrolls
 j - 4 scrolls of blinking {!r}
 q - 4 scrolls of amnesia {!r}
 r - 3 scrolls of recharging {!r}
 s - 7 scrolls of fog {!r}
 t - 5 scrolls of identify {!r}
 u - 5 scrolls of remove curse {!r}
 v - 2 scrolls of fear {!r}
 W - 4 scrolls of enchant armour {!r}
Potions
 a - 2 potions of brilliance {!q}
 e - 11 potions of curing {!q}
 f - 8 potions of heal wounds {!q}
 g - 6 potions of haste {!q}
 h - 6 potions of magic {!q}
 i - 3 potions of berserk rage {!q}
 l - a potion of invisibility {!q}
 m - 4 potions of resistance {!q}
 o - 5 potions of agility {!q}
 p - 6 potions of might {!q}
Books
 k - a book of Geomancy

   Spells                             Type                      Level
   a - Sandblast                      Earth                        1
   b - Passwall                       Transmutation/Earth          2
   c - Stone Arrow                    Conjuration/Earth            3
   d - Petrify                        Transmutation/Earth          4
   e - Lee's Rapid Deconstruction     Earth                        5
Miscellaneous
 H - a crystal ball of energy
Comestibles
 d - 4 bread rations
 w - 42 fruits
 x - 4 meat rations
 P - 4 chunks of flesh


   Skills:
 - Level 8.1 Short Blades
 - Level 5.1 Dodging
 - Level 10.5 Stealth
 - Level 7.8 Spellcasting
 - Level 0.8 Transmutations
 - Level 10.6 Earth Magic
 + Level 12.5 Evocations


You had 9 spell levels left.
You knew the following spells:

 Your Spells              Type           Power        Failure   Level  Hunger
a - Stone Arrow           Conj/Erth      #####.       1%          3    None
b - Passwall              Tmut/Erth      #####.....   1%          2    None
c - Sandblast             Erth           ######       1%          1    None
d - Lee's Rapid Deconstr  Erth           ######....   1%          5    ####...
e - Petrify               Tmut/Erth      #####...     4%          4    #......


Dungeon Overview and Level Annotations

Branches:
Dungeon (1/1)

Altars:
Ashenzari
Cheibriados
Dithmenos
Elyvilon
Fedhas
Gozag
Hepliaklqana
Kikubaaqudgha
Makhleb
Nemelex Xobeh
Okawaru
Qazlal
Ru
Sif Muna
Trog
Uskayaw
Vehumet
Wu Jian
Xom
Yredelemnul
Zin
The Shining One
Beogh
Jiyva
Lugonu

Annotations:
D 1 transporter


Innate Abilities, Weirdness & Mutations

You have a pair of small horns on your head.
Your flesh is cold resistant. (rC+)
A meltable icy envelope protects you from harm. (AC +0)
You are mostly covered in sharp spines.
You are immune to freezing clouds.
When seriously injured, your bleeding wounds create armour. (AC +6)


Message History

Aim: a polar bear (heavily wounded, umbra)
The stone arrow hits the polar bear.
You kill the polar bear!
Dithmenos accepts your kill.
You have reached level 10!
You see here a polar bear corpse.
You butcher the polar bear corpse.
P - 5 chunks of flesh Eating one of 5 chunks of flesh.
You eat one of the 5 chunks of flesh.
This raw flesh tastes terrible.
V - the +2 quarterstaff of the Warrior {drain, rElec rC- Int+4} You drop the +2 quarterstaff of the Warrior {drain, rElec rC- Int+4}.
V - the +3 leather armour of the Sky {rPois rF- rC+++ MR+} You see here a box of beasts.
W - 4 scrolls of enchant armour {!r}
There is a transporter here.
You start resting.
Magic restored.
Put on which piece of jewellery? (? for menu, Esc to quit)
Okay, then.
Wield which item (- for none, * to show all)? (? for menu, Esc to quit)
Okay, then.
X - a curare-tipped needle
Things that are here:
a blowgun; an uncursed spear; a hornet corpse
Things that are here:
a blowgun; an uncursed spear; a hornet corpse You see here a crystal ball of energy.
You see here a box of beasts.
There is a transporter here.
You start resting.
Magic restored.
Wield which item (- for none, * to show all)? (? for menu, Esc to quit)
T - a +5 quick blade (weapon)
Welcome to arena 8.
You enter the transporter and appear at another place.
A crimson imp, a white imp, an ufetubus, a soul eater, a rust devil and 2 pandemonium lords come into view.
Found six items.
Aiming: Shadow Step
Press: ? - help, Dir - move target cursor, f - Soinooguix
Aim: Soinooguix (resting, umbra)
You step into Soinooguix's shadow.
Soinooguix roars, "Thy brain shall be my refection!"
The crimson imp shouts!
The rust devil screeches!
Hule roars, "Capitulate, thou pribbling hasty-witted flim-flammer!"
Soinooguix hits you! Hule gestures at you.
The spray of metal splinters hits you!
Your blood congeals into armour.
The white imp shouts!
Found a transporter.
Unknown command.
The ufetubus is struck by your spines.
You kill the ufetubus!
Dithmenos accepts your kill. Soinooguix gestures at you.
The bolt of fire hits you!
Your icy envelope dissipates!
Ouch! That really hurt!
* * * LOW HITPOINT WARNING * * *
You emit a cloud of dark smoke.
Press: ? - help, v - describe, . - travel
Here: Hule (umbra)
The floor.
Are you sure you want to abandon this character and quit the game? (Confirm with "yes".)

▓▓▓▓▓▓▓▓▓▓▓▓▓▓▓▓▓▓
▓...8©8...▓..8©8..
▓..}:)?...▓...[...
▓.§§§§?...▓..}[:..
▓.§§5§§...▓.......
▓.5§§§§...▓...[...
▓3&.§§....▓...[...
▓.&4......▓.[.....
▓@........▓.......
▓....©....▓...©...
▓▓▓▓▓▓▓▓▓▓▓▓▓▓▓▓▓▓
▓..8©8.. ▓...}...
▓..)}}.. ▓.......
▓...).). ▓.......


You could see Hule, Soinooguix, a soul eater, a rust devil, a crimson imp and a
white imp.

Vanquished Creatures
  A spriggan druid (D)
  2 rime drakes (D)
  A hornet (D)
  A polar bear (D)
  A jumping spider (D)
  Sigmund (D)
  3 spriggans (D)
  2 wyverns (D)
  2 steam dragons (D)
  2 acid dragons (D)
  A swamp drake (D)
  A black bear (D)
  A wolf (D)
  Blork the orc (D)
  A scorpion (D)
  3 crimson imps (D)
  A quasit (D)
  Crazy Yiuf (D)
  An iron imp (D)
  Jessica (D)
  A white imp (D)
  3 ufetubi (D)
  A ball python zombie (D)
33 creatures vanquished.

Notes
Turn   | Place    | Note
-------+----------+-------------------------------------------
     0 | D        | Found the +6 Majin-Bo {vamp, Archmagi MP+6 Int+6}
     0 | D        | Found the +7 great mace "Firestarter" {inner flame, rF++}
     0 | D        | Amnesiac the Demonspawn Earth Elementalist began the quest for the Orb.
     0 | D        | Reached XP level 1. HP: 13/13 MP: 3/3
     0 | D        | Found a deep blue altar of Sif Muna.
     0 | D        | Found a sacrificial altar of Ru.
     0 | D        | Found a bloodstained altar of Trog.
     0 | D        | Found a stormy altar of Qazlal.
     0 | D        | Found an iron altar of Okawaru.
     0 | D        | Found a sparkling altar of Nemelex Xobeh.
     0 | D        | Found a blossoming altar of Fedhas.
     2 | D        | Found a transporter.
     2 | D        | Found an ancient bone altar of Kikubaaqudgha.
     2 | D        | Found a viscous altar of Jiyva.
     2 | D        | Found a corrupted altar of Lugonu.
     2 | D        | Found a hazy altar of Hepliaklqana.
     2 | D        | Found a burning altar of Makhleb.
     2 | D        | Found an opulent altar of Gozag.
    19 | D        | Found the +9 heavy crossbow "Sniper" {velocity, Acc+∞ SInv}
    19 | D        | Found the +10 dark maul {crush}
    19 | D        | Found the +15 Maxwell's patent armour {-Cast -Tele rElec MR+ rCorr}
    19 | D        | Found the +18 shield of the Gong {rElec rN+ MR+ EV-5}
    19 | D        | Found the cursed +14 obsidian axe {chop, +Fly SInv *Curse}
    21 | D        | Found the +6 shillelagh "Devastator" {shatter}
    21 | D        | Found the +11 plutonium sword {*Contam Stlth-}
    21 | D        | Found the +8 lance "Wyrmbane" {slay drac, rPois rF+ rC+ AC+3}
    21 | D        | Found the +9 sword of Zonguldrok {reap}
    21 | D        | Found the cursed +13 scythe of Curses {drain, *Curse}
    21 | D        | Found the -1 mace of Variability {chaos}
    21 | D        | Found the +7 Singing Sword
    21 | D        | Found the +7 longbow "Piercer" {penet, EV-2}
    21 | D        | Got the +9 great sword of Quarrel {antimagic, *Drain MR+ Str+4}
   107 | D        | Became a worshipper of Dithmenos the Shadowed
   115 | D        | Gained mutation: Your flesh is cold resistant. (rC+) [demonic ancestry]
   115 | D        | Reached XP level 2. HP: 19/19 MP: 5/5
   121 | D        | Entered arena 2.
   121 | D        | Noticed a scorpion
   121 | D        | Noticed a jumping spider
   121 | D        | Found a transporter.
   124 | D        | Killed a jumping spider
   124 | D        | Reached XP level 3. HP: 1/24 MP: 2/9
   124 | D        | Gained mutation: You are partially covered in sharp spines. [demonic ancestry]
   124 | D        | Reached XP level 4. HP: 1/30 MP: 2/10
   124 | D        | Gained mutation: You are immune to freezing clouds. [demonic ancestry]
   124 | D        | Reached XP level 5. HP: 2/35 MP: 2/12
   127 | D        | Reached skill level 5 in Dodging
   127 | D        | Reached skill level 5 in Spellcasting
   353 | D        | Entered arena 3.
   353 | D        | Noticed a swamp drake
   353 | D        | Noticed a rime drake
   353 | D        | Noticed a rime drake
   353 | D        | Found a transporter.
   360 | D        | Killed a swamp drake
   360 | D        | Reached * piety under Dithmenos
   360 | D        | Gained mutation: A meltable icy envelope protects you from harm. (AC +0) [demonic ancestry]
   360 | D        | Reached XP level 6. HP: 39/41 MP: 9/15
   362 | D        | Killed a rime drake
   362 | D        | Gained mutation: You have a pair of small horns on your head. [demonic ancestry]
   362 | D        | Reached XP level 7. HP: 42/46 MP: 8/16
   364 | D        | Killed a rime drake
   370 | D        | Entered arena 4.
   370 | D        | Found a transporter.
   372 | D        | Reached ** piety under Dithmenos
   385 | D        | Got the +4 dagger of Quick Death {freeze, rC+ rN++ MR+ Str+2 Int-3}
   387 | D        | Entered arena 5.
   387 | D        | Noticed Sigmund
   387 | D        | Noticed Jessica
   387 | D        | Noticed Blork the orc
   387 | D        | Noticed Crazy Yiuf
   387 | D        | Found a transporter.
   392 | D        | Killed Crazy Yiuf
   392 | D        | Reached *** piety under Dithmenos
   394 | D        | Killed Sigmund
   394 | D        | Reached skill level 10 in Earth Magic
   394 | D        | Gained mutation: You are mostly covered in sharp spines. [demonic ancestry]
   394 | D        | Reached XP level 8. HP: 40/52 MP: 2/19
   395 | D        | Killed Blork the orc
   396 | D        | Killed Jessica
   396 | D        | Reached **** piety under Dithmenos
   398 | D        | Got the cursed +2 dagger of the Tooth {pierce, rC+ Int+6}
   400 | D        | Got the +6 great sword of the Wasteland {protect, *Slow rElec rF+ Str+2}
   403 | D        | Got the +4 battleaxe of Zif Laf {freeze, Str+4}
   421 | D        | Learned a level 2 spell: Passwall
   426 | D        | Learned a level 4 spell: Petrify
   432 | D        | Learned a level 5 spell: Lee's Rapid Deconstruction
   436 | D        | Learned a level 3 spell: Stone Arrow
   498 | D        | Entered arena 6.
   498 | D        | Found a transporter.
   512 | D        | Reached ***** piety under Dithmenos
   517 | D        | Got the +3 fustibalus "Wirymili" {velocity, Str+4}
   597 | D        | Entered arena 7.
   600 | D        | Reached skill level 10 in Stealth
   605 | D        | Found a transporter.
   610 | D        | Reached skill level 3 in Evocations
   610 | D        | Gained mutation: When seriously injured, your bleeding wounds create armour. (AC +6) [demonic ancestry]
   610 | D        | Reached XP level 9. HP: 21/57 MP: 10/20
   615 | D        | Reached skill level 4 in Evocations
   890 | D        | Entered arena 8.
   890 | D        | Noticed a spriggan druid
   890 | D        | Noticed a spriggan rider
   893 | D        | Reached skill level 6 in Evocations
   894 | D        | Noticed a polar bear
   894 | D        | Reached skill level 7 in Evocations
   894 | D        | Reached ****** piety under Dithmenos
   894 | D        | Reached skill level 8 in Evocations
   894 | D        | Killed a spriggan rider
   894 | D        | Reached skill level 9 in Evocations
   894 | D        | Reached skill level 10 in Evocations
   898 | D        | Killed a spriggan druid
   898 | D        | Reached skill level 12 in Evocations
   901 | D        | Found a transporter.
   944 | D        | Killed a polar bear
   944 | D        | Reached XP level 10. HP: 63/63 MP: 0/21
   953 | D        | Got the +2 quarterstaff of the Warrior {drain, rElec rC- Int+4}
   956 | D        | Got the +3 leather armour of the Sky {rPois rF- rC+++ MR+}
  1063 | D        | Entered arena 9.
  1063 | D        | Noticed a soul eater
  1063 | D        | Noticed a rust devil
  1063 | D        | Noticed Soinooguix the pandemonium lord
  1063 | D        | Noticed Hule the pandemonium lord
  1064 | D        | Found a transporter.
  1069 | D        | Quit the game

Vault maps used:
D:        sprint_v

Skill      XL: |  1  2  3  4  5  6  7  8  9 |
---------------+----------------------------+-----
Short Blades   | 3 7 8 |  8.1
Stealth        | 4 6 7 10 | 10.5
Earth Magic    | 4 6 8 10 | 10.6
Dodging        | 4 5 |  5.1
Spellcasting   | 4 6 7 |  7.8
Evocations     | 3 12 | 12.5
Transmutations | |  0.8

Action                   |  1- 3 |  4- 6 |  7- 9 | 10-12 || total
-------------------------+-------+-------+-------+-------++-------
Melee: Dagger            |       |       |     4 |       ||     4
 Cast: Sandblast         |     2 |     7 |    21 |       ||    30
       Stone Arrow       |       |       |    11 |     1 ||    12
       Petrify           |       |       |     4 |       ||     4
       Lee's Rapid Decon |       |       |     6 |       ||     6
Invok: Shadow Step       |       |       |       |     1 ||     1
Evoke: Staff of energy   |       |       |     6 |       ||     6
  Use: Potion            |     1 |     2 |     3 |       ||     6
       Scroll            |       |       |     1 |       ||     1
 Stab: Sleeping          |       |       |     4 |       ||     4
  Eat: Bread ration      |       |     1 |       |       ||     1
       Chunk             |       |       |       |     1 ||     1
Armor: Robe              |     2 |       |     5 |       ||     7
       Steam dragon scal |       |       |     3 |       ||     3
Dodge: Dodged            |     2 |     2 |    27 |       ||    31

Table legend:
 A = Spawn XP
 B = Non-spawn XP
 C = Spawn XP percentage of total XP
 D = Spawn monster count
 E = Non-spawn monster count
 F = Spawn count percentage of total count
 G = Total turns spent on level
                    A         B        C        D         E        F      G
               +---------+---------+-------+---------+---------+-------+---------
         Total |       0 |    5755 |   0.0 |       0 |      33 |   0.0 |  1069
               +---------+---------+-------+---------+---------+-------+---------
             D |       0 |    5755 |   0.0 |       0 |      33 |   0.0 |  1069
               +---------+---------+-------+---------+---------+-------+---------
